[Event "Early-Titled-Tuesday-Blitz-February-06-2024"]
[Site "Chess.com"]
[Date "2024.02.06"]
[Round "2"]
[White "Harsha_Bharathakoti"]
[Black "VitaliyChayka"]
[Result "1-0"]
[WhiteElo "2923"]
[BlackElo "2396"]
[TimeControl "180+1"]
[EndTime "8:18:11 PST"]
[Termination "Harsha_Bharathakoti won by resignation"]

1. Nf3 d6 2. d4 Nd7 3. c4 e5 4. Nc3 Ngf6 5. g3 Be7 6. Bg2 O-O 7. O-O c6 8. Qc2 a6 9. Rd1 Qc7 10. b3 b5 11. Bb2 Bb7 12. e3 Rfe8 13. Rac1 b4 14.
Na4 c5 15. dxe5 dxe5 16. Nd2 Rad8 17. Ne4 Bf8 18. Nxf6+ Nxf6 19. Rxd8 Rxd8 20. Bxe5 Qxe5 21. Bxb7 h5 22. Rd1 Rxd1+ 23. Qxd1 h4 24. Bf3 Qf5 25. g4 Qe5 26. h3 Bd6 27. Bg2 Bc7 28. Kf1 a5 29.
Qb1 g6 30. Nb2 Qc3 31. Nd3 Bd6 32. Ke2 Nd7 33. Qb2 Ne5 34. Qxc3 bxc3 35. Ne1 g5 36. Nc2 Kf8 37. Be4 f6 38. Na3 Nd7 39. Bf5 Nb6 40.
Kd3 Be5 41. Nb5 a4 42. Nxc3 axb3 43. axb3 Ke7 44. Ne4 Bd6 45. b4 Na4 46. b5 Nb6 47. Nc3 Be5 48. Ne2 Bh2 49. Be4 Kd6 50. Bh7 Ke5 51. Bg8 Kd6 52. f4 gxf4 53. exf4 Nd7 54. Ke4 Nf8 55. Kf3 Ng6 56. Bh7 Ne7 57. Kg2 Bg3 58.
Nxg3 hxg3 59. Kxg3 Nc8 60. Bd3 Nb6 61. h4 Ke7 62. h5 Kf7 63. g5 Kg7 64. Kg4 fxg5 65. fxg5 Nd7 66. h6+ Kg8 67. Kf5 Nf8 68. Be4 Nd7 69.
Bd5+ Kh8 70. g6 Nf6 71. g7+ Kh7 72. Kxf6 Kxh6 73. g8=Q 1-0

[Event "Early-Titled-Tuesday-Blitz-February-06-2024"]
[Site "Chess.com"]
[Date "2024.02.06"]
[Round "2"]
[White "yuriydovzik"]
[Black "Chesstrainer1"]
[Result "0-1"]
[WhiteElo "2228"]
[BlackElo "2471"]
[TimeControl "180+1"]
[EndTime "8:18:11 PST"]
[Termination "Chesstrainer1 won on time"]

1. g3 e5 2. c4 Nf6 3. Bg2 c6 4. b3 d5 5. Bb2 Bd6 6. d3 Kf8 7.
Nd2 Kg8 8. Ngf3 Qe7 9. O-O h6 10. h3 Bf5 11. e4 dxe4 12. Nh4 Be6 13. dxe4 Nbd7 14. Nf5 Bxf5 15. exf5 Ba3 16. Qc2 Bxb2 17. Qxb2 a5 18. Rae1 Kh7 19. Nf3 Rhe8 20. Re3 a4 21.
Rfe1 axb3 22. axb3 Qa3 23. Qb1 Qb4 24. Nxe5 Nxe5 25.
Rxe5 Rxe5 26. Rxe5 Qd2 27. Re1 Ra2 28. Rf1 Rb2 29.
Qe1 Qxe1 30. Rxe1 Rxb3 31. Re7 Kg8 32. Rc7 Kf8 33. g4 Ne8 34. Rd7 Nf6 35. Rc7 Rb1+ 36. Kh2 Rb3 37. f4 Rb2 38. Kg3 Rb3+ 39. Kh2 Rb4 40.
g5 Nh5 41. Bf3 Nxf4 42. f6 gxf6 43. gxf6 Kg8 44. Be4 Ng6 45. Bxg6 fxg6 46. Rg7+ Kf8 47. Rc7 Rxc4 48. Rxb7 Rf4 0-1

[Event "Early-Titled-Tuesday-Blitz-February-06-2024"]
[Site "Chess.com"]
[Date "2024.02.06"]
[Round "2"]
[White "tolia123"]
[Black "Mistango"]
[Result "0-1"]
[WhiteElo "2192"]
[BlackElo "2459"]
[TimeControl "180+1"]
[EndTime "8:18:11 PST"]
[Termination "Mistango won by resignation"]

1. d4 d6 2. e4 e5 3. Nf3 Nc6 4. Bb5 Bd7 5. Nc3 Nf6 6. O-O Be7 7. h3 O-O 8. Be3 exd4 9. Nxd4 Nxd4 10. Qxd4 Bxb5 11.
Nxb5 Nd7 12. Qc3 c6 13. Nd4 Nc5 14. f3 Bf6 15. Qd2 Qd7 16. Nf5 Rfd8 17. Rad1 Ne6 18.
Nxd6 Bxb2 19. c3 Ba3 20. Nc4 Qxd2 21. Rxd2 Rxd2 22. Bxd2 Bc5+ 23. Kh2 Rd8 24. Be3 Bxe3 25. Nxe3 Rd3 26. Nf5 g6 27. Ng3 Rxc3 28. Rb1 b5 29. Rb2 a5 30. Rd2 b4 31. Ne2 Ra3 32. h4 c5 33. h5 gxh5 34. Ng3 c4 35. Nxh5 c3 36. Rd6 Rxa2 37. f4 Kf8 38. f5 Ke7 39. e5 Rd2 40. Rc6 Nd4 41. Rc7+ Kd8 42. Rxf7 c2 43. e6 Re2 44. Rd7+ Kc8 45. Rxd4 c1=Q 46. f6 Rxe6 47. f7 Qc7+ 48. g3 Qxf7 49. Rxb4 axb4 50.
Nf4 Qxf4 51. gxf4 Re4 52. Kg3 b3 53. f5 Rb4 54. f6 Kd7 55. f7 Ke7 56. f8=Q+ Kxf8 0-1

[Event "Early-Titled-Tuesday-Blitz-February-06-2024"]
[Site "Chess.com"]
[Date "2024.02.06"]
[Round "2"]
[White "Keeper0416"]
[Black "Onischuk_V"]
[Result "0-1"]
[WhiteElo "2564"]
[BlackElo "2811"]
[TimeControl "180+1"]
[EndTime "8:18:12 PST"]
[Termination "Onischuk_V won on time"]

1. e4 d6 2. d4 Nf6 3. Bd3 e5 4. c3 Nc6 5. d5 Ne7 6. Ne2 g6 7.
f3 Bg7 8. c4 a5 9. Nbc3 Nd7 10.
Be3 f5 11. Qc2 f4 12. Bf2 Nc5 13. Qd2 Nxd3+ 14. Qxd3 b6 15. a4 g5 16. O-O-O Ng6 17.
g4 h5 18. h3 Bd7 19. Nb5 Bf6 20. Kb1 Kf7 21. Rdg1 Be7 22. Qd1 Qc8 23. Nec3 Qb7 24. b3 Rh7 25. Qf1 Rah8 26. Be1 Qc8 27. Nd1 Bd8 28.
Nf2 Be8 29. Bc3 Qd7 30. Nd3 Qe7 31. Ka2 Rh6 32. Bb2 R8h7 33. Qe1 Qf6 34. c5 Bxb5 35. axb5 bxc5 36. gxh5 Rxh5 37. Qxa5 Rxh3 38. Rxh3 Rxh3 39. Qa8 Rxf3 40. Ne1 Rh3 41. Qc8 Rg3 42. Rh1 Kg7 43. Qd7+ Qe7 44. Qf5 Qf7 45. Qc8 Qe7 46. Qf5 Qf7 47.
Qc8 Bf6 48. Qf5 Be7 49. Qc8 Bf8 0-1

[Event "Early-Titled-Tuesday-Blitz-February-06-2024"]
[Site "Chess.com"]
[Date "2024.02.06"]
[Round "2"]
[White "Willi_Skibbe"]
[Black "mortngabriel"]
[Result "1-0"]
[WhiteElo "2341"]
[BlackElo "2510"]
[TimeControl "180+1"]
[EndTime "8:18:12 PST"]
[Termination "Willi_Skibbe won by resignation"]

1. d4 Nf6 2. Nf3 c5 3. e3 d5 4. Nbd2 Nc6 5. dxc5 e5 6. Bb5 Qc7 7. b4 Bd7 8. Bxc6 bxc6 9. Bb2 e4 10. Nd4 Be7 11. O-O Ng4 12. g3 h5 13. c4 h4 14.
cxd5 cxd5 15. Qe2 Nxh2 16. Kxh2 hxg3+ 17. Kg1 g2 18. f4 exf3 19. N2xf3 gxf1=Q+ 20. Rxf1 Bh3 21. Qf2 Bxf1 22. Kxf1 Bf6 23. Qg2 Rb8 24. Bc3 a5 25. a3 axb4 26. axb4 Ra8 27. Nb5 Qd7 28. Nd6+ Kf8 29.
Nd4 Qh3 30. Qxh3 Rxh3 31. Ke2 Ra2+ 32. Kd3 Bg5 33. Nc2 Bxe3 34. Nxe3 Ra3 35. b5 Rb3 36. b6 Ke7 37. Kd4 Rh4+ 38. Kd3 Kd7 39. Nxd5 Rh3+ 40. Kc4 Rb1 41. Nb4 Rc1 42. Kb5 Rcxc3 43. b7 Kc7 44. Na6+ Kd7 45. b8=Q Rb3+ 46. Nb4 Rh4 47. Qc8+ Ke7 48.
Qe8+ Kf6 49. Qd8+ Ke6 50. Qxh4 1-0

[Event "Early-Titled-Tuesday-Blitz-February-06-2024"]
[Site "Chess.com"]
[Date "2024.02.06"]
[Round "2"]
[White "Akylbek2021"]
[Black "zajka-molotok"]
[Result "1-0"]
[WhiteElo "2284"]
[BlackElo "2481"]
[TimeControl "180+1"]
[EndTime "8:18:12 PST"]
[Termination "Akylbek2021 won on time"]

1. d4 d6 2. Nf3 Nf6 3. e4 g6 4. Nc3 Bg7 5. Bc4 O-O 6. O-O Nc6 7. h3 e5 8. dxe5 dxe5 9. Bg5 Qxd1 10. Raxd1 Re8 11.
Bb5 h6 12. Bxf6 Bxf6 13. Nd5 Bd8 14. Nb4 Nxb4 15. Bxe8 Be6 16. Ba4 Bf6 17. a3 Na6 18. b4 c6 19. Bb3 Bc8 20. Rd6 Kg7 21. Rfd1 Nc7 22. a4 a5 23. c3 axb4 24. cxb4 Be7 25. R6d3 Kf6 26. Nd2 Bxb4 27. Nc4 Bc5 28. Nd6 Ne6 29.
Nxc8 Rxc8 30. Bxe6 Kxe6 31. Rd8 Rc7 32. Kf1 Bd4 33.
Rb8 b6 34. Ke2 Ra7 35. Rc1 Kd6 36.
Rd8+ Kc7 37. Rf8 Kd6 38. Rd8+ Ke7 39. Rc8 c5 40. Rb8 Rxa4 41. Rb7+ Kf8 42. Rc2 Rb4 43.
g3 c4 44. f4 c3 45. Rb8+ 1-0

[Event "Early-Titled-Tuesday-Blitz-February-06-2024"]
[Site "Chess.com"]
[Date "2024.02.06"]
[Round "2"]
[White "JohnWhite1952"]
[Black "kaanadayhamle"]
[Result "0-1"]
[WhiteElo "1981"]
[BlackElo "2416"]
[TimeControl "180+1"]
[EndTime "8:18:12 PST"]
[Termination "kaanadayhamle won by resignation"]

1. e4 e5 2. Nf3 Nf6 3. d4 Nxe4 4.
Bd3 d5 5. c4 exd4 6. Nxd4 Nc5 7. O-O Be7 8. Re1 O-O 9. Nc3 dxc4 10. Bxc4 Bf6 11. Be3 b6 12. Ndb5 a6 13. Qxd8 Bxd8 14.
Bxc5 bxc5 15. Na3 Bb7 16. Rad1 Bf6 17. Re2 Nc6 18. Nd5 Be5 19. Rde1 Bd6 20. Nc2 Na5 21. b3 Nxc4 22. bxc4 Bxd5 23. cxd5 Rab8 24. Ne3 Rb4 25.
Nf5 g6 26. Nxd6 cxd6 27. Rd2 Rb7 28. g3 Rfb8 29. Kg2 Kf8 30. Ree2 Re7 31. h4 Rc8 32. Rc2 Re5 33. Rxe5 dxe5 34. Kf3 Ke7 35. Ke4 Kd6 36.
f4 f5+ 37. Ke3 Kxd5 38. Rd2+ Ke6 39. fxe5 Kxe5 40. Rd7 c4 41. Rxh7 c3 42. Kd3 c2 43.
Re7+ Kf6 44. Re1 c1=Q 45. Rxc1 Rxc1 46. Kd4 Rg1 47. Kd5 Rxg3 0-1

[Event "Early-Titled-Tuesday-Blitz-February-06-2024"]
[Site "Chess.com"]
[Date "2024.02.06"]
[Round "2"]
[White "adotand"]
[Black "xakevicius91"]
[Result "1-0"]
[WhiteElo "2890"]
[BlackElo "2602"]
[TimeControl "180+1"]
[EndTime "8:18:13 PST"]
[Termination "adotand won by checkmate"]

1. d4 Nf6 2. Bf4 e6 3. e3 c5 4. Nf3 cxd4 5. exd4 b6 6. Nbd2 Ba6 7. c4 Be7 8. Be2 O-O 9. O-O Bb7 10. Bd3 d5 11. Qe2 Nc6 12. Be5 Rc8 13. Rad1 Nb4 14. Bb1 dxc4 15. Nxc4 Nbd5 16. Rc1 b5 17. Ne3 Qb6 18.
Nxd5 Bxd5 19. Ng5 h6 20. Nh3 Bc4 21. Bd3 Bxd3 22. Qxd3 Nd5 23. a3 a5 24. Rcd1 Bf6 25. f4 b4 26. a4 b3 27. Bxf6 Nxf6 28. Rf3 Rc2 29. Qxb3 Rxb2 30. Qxb6 Rxb6 31. f5 Rd8 32. fxe6 Rxe6 33. Rf5 Red6 34. Rxa5 Rxd4 35. Rxd4 Rxd4 36. Nf2 g5 37. h3 Nd5 38. Ng4 Kg7 39. Ra7 Nf4 40. Ne5 Rd2 41. Rxf7+ Kg8 42. g4 Nxh3+ 43.
Kf1 Nf4 44. a5 Ra2 45. Ra7 Nd5 46. Nc4 Nb4 47. Rb7 Nd3 48. Rb6 Ra4 49. Rc6 Nb4 50.
Rc7 Nd3 51. Ke2 Nf4+ 52. Kf3 Nd5 53. Rc5 Nb4 54. Ke4 Na6 55. Rc8+ Kg7 56. Kf5 Nb4 57.
Rc7+ Kg8 58. Kg6 Nd5 59. Rc8# 1-0

[Event "Early-Titled-Tuesday-Blitz-February-06-2024"]
[Site "Chess.com"]
[Date "2024.02.06"]
[Round "2"]
[White "JoliyRoger"]
[Black "BallottiLuca"]
[Result "1-0"]
[WhiteElo "2536"]
[BlackElo "2347"]
[TimeControl "180+1"]
[EndTime "8:18:13 PST"]
[Termination "JoliyRoger won on time"]

1. d4 Nf6 2. Nf3 e6 3. c4 Bb4+ 4. Bd2 Qe7 5. Qc2 Bxd2+ 6. Nbxd2 d6 7. e4 e5 8. d5 O-O 9. Be2 a5 10. O-O Nbd7 11. b3 Nh5 12. Rfe1 Nc5 13. a3 Nf4 14. Bf1 Bg4 15. b4 Nd7 16. Qc3 Qf6 17. c5 Qg6 18.
Kh1 f5 19. exf5 Rxf5 20. h3 Rh5 21. Nh2 Nf6 22. Qg3 Rg5 23. Nxg4 Nxg4 24. Nf3 Rh5 25. Kg1 Nf6 26. Qxg6 Nxg6 27. g4 Rh6 28. g5 Rh5 29. gxf6 gxf6 30. cxd6 cxd6 31. Rac1 Kg7 32. Rc7+ Kh6 33.
Rxb7 axb4 34. axb4 Rg8 35. Kh2 Nf4 36. Rf7 Kg6 37. Rd7 Kf5 38. Rxd6 e4 39. Nd4+ Ke5 40.
Nb5 Rb8 41. Rd7 Nxd5 42. Rxd5+ Kxd5 43. Nc7+ Kd6 44. Na6 Ra8 45. b5 Rg5 46. Rxe4 Rg7 47. Rg4 1-0

[Event "Early-Titled-Tuesday-Blitz-February-06-2024"]
[Site "Chess.com"]
[Date "2024.02.06"]
[Round "2"]
[White "ljuks68"]
[Black "FMStan15"]
[Result "1-0"]
[WhiteElo "2418"]
[BlackElo "2008"]
[TimeControl "180+1"]
[EndTime "8:18:13 PST"]
[Termination "ljuks68 won on time"]

1. e4 e6 2. Nf3 d5 3. e5 c5 4. b4 c4 5. a3 a5 6. b5 Ne7 7. d4 cxd3 8. Bxd3 Nf5 9. Bxf5 exf5 10. O-O Be6 11. Nd4 Bc5 12. Be3 Bxd4 13. Bxd4 O-O 14. Nc3 Nd7 15. Ne2 b6 16. Nf4 Nc5 17. Qe2 Rc8 18.
Rad1 Qc7 19. Qe3 Nd7 20. Rd2 Qc4 21. Qe2 Qxe2 22. Rxe2 Rc4 23. Rd2 Ra4 24. Rd3 Rc8 25.
Rc1 Rcc4 26. Ne2 Nc5 27. Bxc5 Rxc5 28. Nd4 Rcc4 29. Rcd1 Kf8 30. f4 Ke8 31. Kf2 Kd7 32.
Ke3 Kc7 33. g3 Bd7 34. Rb1 Be6 35. Rbb3 h6 36. Rdc3 Kd7 37. Rxc4 Rxc4 38. Kd3 Kc7 39. Rc3 Rxc3+ 40. Kxc3 Bd7 41. a4 Kb7 42. Ne2 Kc7 43. Kd4 Be6 44. Nc3 g5 45. Nxd5+ Kb7 46. c4 gxf4 47.
gxf4 Kb8 48. c5 bxc5+ 49. Kxc5 Kb7 50. Ne3 Bb3 51. Nc4 Bxa4 52. Nxa5+ Kc7 53. Nc4 Bb3 54.
b6+ Kb7 55. Nd6+ Kb8 56. Nxf5 h5 57. h4 Ba2 58. Ng7 1-0

[Event "Early-Titled-Tuesday-Blitz-February-06-2024"]
[Site "Chess.com"]
[Date "2024.02.06"]
[Round "2"]
[White "PolandHussars"]
[Black "Drags95"]
[Result "1/2-1/2"]
[WhiteElo "2590"]
[BlackElo "2840"]
[TimeControl "180+1"]
[EndTime "8:18:14 PST"]
[Termination "Game drawn - insufficient material"]

1. e4 e5 2. Nc3 Nf6 3. g3 d5 4. exd5 Nxd5 5. Bg2 Nxc3 6. bxc3 Nc6 7. Ne2 Be6 8. O-O Bd5 9. d3 Bxg2 10. Kxg2 Qd5+ 11. f3 h5 12. c4 Qd7 13. Be3 h4 14. Rh1 O-O-O 15.
Rb1 f5 16. Qc1 Be7 17. Nc3 f4 18. Bf2 fxg3 19. hxg3 hxg3 20. Bxg3 Nd4 21. Qe3 Bf6 22.
Nd5 Qa4 23. c3 Nf5 24. Qf2 c6 25. Rxh8 Rxh8 26. Nb4 Bg5 27. Bxe5 Be3 28. Qb2 Bb6 29.
c5 Bxc5 30. Nd5 b5 31. Nb4 Ne3+ 32. Kg3 Kb7 33. d4 Nf5+ 34. Kf4 Bxb4 35. Kxf5 Be7 36. d5 Rf8+ 37. Ke6 Bc5 38. dxc6+ Kxc6 39. Qb3 Qc4+ 40. Qxc4 bxc4 41. Bd4 Rxf3 42. Bxg7 Re3+ 43. Kf5 Rd3 44. Re1 Rd2 45. Re6+ Bd6 46. Be5 Kd7 47. Rxd6+ Rxd6 48. Bxd6 Kxd6 49. Ke4 Kc5 50. a4 Kb6 51. Kd5 Ka5 52.
Kxc4 Kxa4 53. Kd5 Kb3 54. c4 a5 55. c5 a4 56. c6 a3 57. c7 a2 58. c8=Q a1=Q 59. Qc4+ Kb2 60. Qd4+ Kb1 61. Qxa1+ Kxa1 1/2-1/2

[Event "Early-Titled-Tuesday-Blitz-February-06-2024"]
[Site "Chess.com"]
[Date "2024.02.06"]
[Round "2"]
[White "TrompeterImEther"]
[Black "CSB7"]
[Result "0-1"]
[WhiteElo "2537"]
[BlackElo "2746"]
[TimeControl "180+1"]
[EndTime "8:18:14 PST"]
[Termination "CSB7 won by resignation"]

1. e4 c5 2. Nf3 d6 3. d4 cxd4 4.
Nxd4 Nf6 5. Nc3 Nc6 6. Bc4 e6 7. Be3 Bd7 8. Qe2 a6 9. O-O-O Na5 10. Bd3 Rc8 11. Kb1 b5 12. a3 Rxc3 13. bxc3 Qc7 14. Nb3 Nc4 15. Bc1 d5 16. f3 Nxa3+ 17. Bxa3 Bxa3 18.
Qd2 O-O 19. g4 Bc6 20. g5 Nd7 21. Rhe1 Nb6 22. h4 Ba8 23. Re3 Nc4 24. Qe1 Nxe3 25. Qxe3 Qxc3 26. Qd4 Qxd4 27. Nxd4 dxe4 28. fxe4 Rd8 29.
e5 Rxd4 30. Bxh7+ Kxh7 31. Rxd4 Bd5 32. h5 Be7 33. Rf4 Bxg5 34. Rxf7 Kh6 35. Ra7 Kxh5 36. Rxg7 a5 37. Kb2 Kg4 38. Kc3 Kf5 39. Kd4 a4 40.
Rf7+ Kg6 41. Ra7 Bc4 42. Rc7 Bh4 43. Kc5 Kf5 44. Kd6 Bg3 45. Rf7+ Ke4 46. Ra7 Bxe5+ 47.
Ke7 Bd4 48. Ra6 e5 49. Kf6 Ke3 50. Kf5 Kd2 51. Ke4 Kc3 0-1

[Event "Early-Titled-Tuesday-Blitz-February-06-2024"]
[Site "Chess.com"]
[Date "2024.02.06"]
[Round "2"]
[White "ploxoi"]
[Black "Chemim21"]
[Result "0-1"]
[WhiteElo "2455"]
[BlackElo "2230"]
[TimeControl "180+1"]
[EndTime "8:18:14 PST"]
[Termination "Chemim21 won by resignation"]

1. d4 d5 2. c4 dxc4 3. e4 Nf6 4. e5 Nd5 5. Bxc4 Nb6 6. Bb3 Nc6 7. Ne2 Bg4 8. Nbc3 e6 9. O-O Qd7 10. f3 Bh5 11. Be3 O-O-O 12. Qc1 Na5 13. Bc2 Nac4 14.
Bf2 Nd5 15. Ne4 Bg6 16. Bb3 Ncb6 17. a3 Kb8 18. Qd2 Be7 19. Rfc1 h6 20. Nc5 Qb5 21. a4 Qb4 22. Qxb4 Nxb4 23. Nf4 Bh7 24. a5 N6d5 25. Nxd5 Nxd5 26. Ra4 Nf4 27. Bd1 Bxc5 28. Rxc5 Nd3 29. Rb5 a6 30. Rb3 c5 31. Rc4 Nxf2 32. Kxf2 cxd4 33.
Rcb4 Rd7 34. Ke1 Rc8 35. Kd2 Rcc7 36. f4 Rd5 37. Bf3 Rdd7 38. g3 Bf5 39. Rb6 Bb1 40. R3b4 Ka7 41. h4 d3 42. Be4 Rc2+ 43. Kd1 Rcc7 44. Kd2 Rc2+ 45. Kd1 Rcc7 46. h5 d2 47. Bxb1 Rc1+ 0-1

[Event "Early-Titled-Tuesday-Blitz-February-06-2024"]
[Site "Chess.com"]
[Date "2024.02.06"]
[Round "2"]
[White "MikaelyanArman"]
[Black "TangerineandLemon25"]
[Result "0-1"]
[WhiteElo "2882"]
[BlackElo "2624"]
[TimeControl "180+1"]
[EndTime "8:18:15 PST"]
[Termination "TangerineandLemon25 won on time"]

1. d4 d5 2. c4 e6 3. Nf3 a6 4. e3 Nf6 5. b3 Be7 6. Bb2 O-O 7. Nbd2 b6 8. cxd5 exd5 9. Bd3 c5 10. O-O Bb7 11. Rc1 Nbd7 12. Ne5 Rc8 13. f4 b5 14. Qf3 c4 15. bxc4 bxc4 16. Bf5 Bb4 17. Ndxc4 dxc4 18. Qxb7 Bd2 19. Nxd7 Bxe3+ 20. Kh1 Bxc1 21. Rxc1 Nxd7 22. Qxd7 Qa5 23. Bc2 Rb8 24. Qh3 h6 25. Bc3 Qa3 26. Rf1 Qxa2 27. Be4 Rfe8 28. Qf3 Rb3 29. Bc6 Rc8 30.
d5 Qa3 31. Qg4 Rxc3 32. Qxc8+ Kh7 33. Qf5+ Kg8 34. Qc8+ Kh7 35. Qf5+ Kg8 36. Qe4 Rc1 37. Qe8+ Kh7 38. Qe4+ Kh8 39. Qe2 Qb2 40. Qf3 Rc3 41.
Qg4 Rc1 42. Qf3 Rc3 43. Qd1 Rd3 44. Qe1 Qd4 45. d6 Re3 46. Qd1 Rd3 47. Qe1 Re3 48. Qf2 c3 49. d7 Rd3 50. Qxd4 Rxd4 51. h3 c2 52. Kh2 Rd1 0-1

[Event "Early-Titled-Tuesday-Blitz-February-06-2024"]
[Site "Chess.com"]
[Date "2024.02.06"]
[Round "2"]
[White "Payyappat"]
[Black "IngOscarArdila"]
[Result "1-0"]
[WhiteElo "2459"]
[BlackElo "2193"]
[TimeControl "180+1"]
[EndTime "8:18:17 PST"]
[Termination "Payyappat won by checkmate"]

1. e4 e5 2. Nf3 Nf6 3. Nxe5 d6 4. Nf3 Nxe4 5. Nc3 Nxc3 6. dxc3 Be7 7. Bd3 O-O 8. Bf4 Nd7 9. Qd2 Nf6 10. O-O-O c5 11.
h4 b5 12. h5 Qa5 13. a3 c4 14. Be2 d5 15. Be5 Bb7 16. g4 Ne4 17. Qe3 Qb6 18.
Bd4 Bc5 19. Ne5 Bxd4 20. cxd4 Rfe8 21. c3 a5 22. Qf4 f6 23. Ng6 Qd6 24. Qf5 Bc8 25.
Qf3 Ng5 26. Qf4 Ne4 27. Qxd6 Nxd6 28. Nf4 Re4 29. Bf3 Rxf4 30. Bxd5+ Kf8 31. Bxa8 Bxg4 32. Rdf1 Be2 33. Re1 Bd3 34. f3 b4 35. axb4 axb4 36. Re3 bxc3 37. bxc3 Rf5 38. d5 Rg5 39. Kb2 Rg2+ 40.
Ka3 Rc2 41. Kb4 Ra2 42. Bc6 Nf5 43. Re8+ Kf7 44. Rhe1 g6 45. hxg6+ hxg6 46. Rh8 Kg7 47. Ree8 Rb2+ 48. Kc5 g5 49. Bd7 Ne3 50. Reg8+ Kf7 51. Be6+ Ke7 52. Rg7# 1-0

[Event "Early-Titled-Tuesday-Blitz-February-06-2024"]
[Site "Chess.com"]
[Date "2024.02.06"]
[Round "2"]
[White "kpio91"]
[Black "Artyom_ChessMate"]
[Result "1-0"]
[WhiteElo "2824"]
[BlackElo "2568"]
[TimeControl "180+1"]
[EndTime "8:18:18 PST"]
[Termination "kpio91 won by resignation"]

1. e4 c5 2. Nc3 d6 3. Bb5+ Bd7 4.
a4 Nf6 5. f4 a6 6. Bxd7+ Qxd7 7. Nf3 g6 8. O-O Bg7 9. d3 O-O 10. Qe1 Nc6 11. f5 Nd4 12. Nxd4 cxd4 13. Ne2 d5 14. e5 Ng4 15. Qh4 Nxe5 16. Bh6 Rac8 17. Bxg7 Kxg7 18. f6+ Kg8 19. Nxd4 exf6 20. Rxf6 Qg4 21.
Qxg4 Nxg4 22. Rb6 Rc7 23. Re1 Kg7 24. h3 Nf6 25. Rf1 Nd7 26. Rd6 Nc5 27. b3 Rd7 28. Rff6 Rfd8 29. Rxd7 Rxd7 30. Rf3 Ne6 31. Nxe6+ fxe6 32.
Kf2 Rc7 33. c4 dxc4 34. dxc4 b5 35. Rc3 Kf6 36. Ke3 Ke5 37. Kd3 bxa4 38. bxa4 Rd7+ 39. Ke3 Rb7 40. g4 Rb6 41. h4 Rb4 42. c5 Rb7 43.
Kd3 Kd5 44. Ke3 Rc7 45. Kf4 h6 46. Rd3+ Kc4 47. Rd6 Rxc5 48. Rxa6 g5+ 49. hxg5 hxg5+ 50. Ke4 e5 51. Re6 Ra5 52. Rxe5 Rxa4 53. Kf5 Ra6 54. Kxg5 Kd4 55. Kf5 Ra8 56. Re6 Rf8+ 57. Rf6 Rg8 58.
g5 Kd5 59. g6 Kd4 60. Rf7 Kd5 61. g7 Kd6 62. Kf6 1-0

[Event "Early-Titled-Tuesday-Blitz-February-06-2024"]
[Site "Chess.com"]
[Date "2024.02.06"]
[Round "2"]
[White "Bodnar_Mykola"]
[Black "tylityli"]
[Result "1-0"]
[WhiteElo "2482"]
[BlackElo "2252"]
[TimeControl "180+1"]
[EndTime "8:18:18 PST"]
[Termination "Bodnar_Mykola won on time"]

1. e4 e5 2. Nf3 Nc6 3. Bb5 a6 4. Bxc6 dxc6 5. d4 exd4 6. Qxd4 Qxd4 7. Nxd4 Bd7 8. Bf4 O-O-O 9. Nc3 f6 10. O-O-O Bd6 11. Bxd6 cxd6 12. f4 Nh6 13. h3 Kc7 14. a4 b5 15. axb5 axb5 16. Nf3 Nf7 17. b3 Rhe8 18. Rhe1 Ra8 19. Kb2 b4 20. Nb1 c5 21.
Nbd2 Bb5 22. g3 Rad8 23. Nc4 Bc6 24. Nfd2 h5 25. Ra1 Ra8 26. Rxa8 Rxa8 27. Re3 Re8 28. c3 bxc3+ 29. Kxc3 Ra8 30. e5 d5 31.
Kb2 dxc4 32. Nxc4 fxe5 33. fxe5 Re8 34. e6 Nd6 35. Kc3 Nxc4 36. Kxc4 Kd6 37. Rd3+ Kxe6 38. Kxc5 Rc8 39. Rd6+ Ke5 40. Rxc6 Rf8 41. b4 Rf3 42. Rg6 Rc3+ 43. Kb6 h4 44. gxh4 Rxh3 45. b5 Rxh4 46. Rxg7 Kd5 47. Kb7 Kc5 48. b6 Rb4 49. Rg5+ Kd6 50.
Rg1 Kc5 51. Rc1+ Kd6 52. Ka7 Kd7 53. b7 Ra4+ 54. Kb8 Rb4 55. Rc3 Rb2 56. Rc7+ Kd8 57. Rh7 Rb3 58. Rh4 Kd7 59. Rd4+ Kc6 60. Rc4+ Kd7 61.
Ka7 Ra3+ 62. Kb8 Rb3 63. Rc2 Rb4 64. Ka7 Ra4+ 65. Kb6 Rb4+ 66. Ka6 Kd6 67. Rc8 1-0

[Event "Early-Titled-Tuesday-Blitz-February-06-2024"]
[Site "Chess.com"]
[Date "2024.02.06"]
[Round "2"]
[White "Martial2008"]
[Black "paladin_ll"]
[Result "1-0"]
[WhiteElo "2675"]
[BlackElo "2169"]
[TimeControl "180+1"]
[EndTime "8:18:19 PST"]
[Termination "Martial2008 won by checkmate"]

1. d4 Nf6 2. Nf3 c5 3. d5 d6 4. Nc3 a6 5. a4 g6 6. e4 Bg4 7. Be2 Bxf3 8. Bxf3 Bg7 9. O-O O-O 10. Bf4 Nbd7 11.
h3 Rb8 12. Be2 Ne8 13. Qd2 Nc7 14. a5 b5 15. axb6 Rxb6 16. b3 Nb5 17. Bxb5 axb5 18.
Bh6 b4 19. Bxg7 Kxg7 20. Ne2 Rb8 21. c4 bxc3 22. Qxc3+ Kg8 23. Rfb1 Qb6 24. Nc1 Ra8 25. Nd3 Rxa1 26. Rxa1 Rb8 27. Rb1 f6 28. Rb2 Ne5 29. Nxe5 fxe5 30. Kh2 Qb4 31. Qf3 Rf8 32. Qg4 Rf6 33.
Ra2 Qb8 34. Qd7 Kf7 35. Ra7 Qe8 36. Qb7 Rf4 37. Ra8 Qxa8 38. Qxa8 Rxe4 39. Qc8 Rb4 40. Qe6+ Kf8 41. Kg3 Rxb3+ 42. Kg4 Rb4+ 43. Kg5 Rf4 44. f3 Rf6 45. Qc8+ Kg7 46. Qe8 h6+ 47. Kg4 h5+ 48. Kg3 Rf7 49. Kf2 e4 50. Ke3 exf3 51. gxf3 Kf6 52. Qh8+ Kf5 53. h4 Rf6 54. Qh6 Ke5 55.
Qg5+ Rf5 56. Qxg6 c4 57. Qe6# 1-0

[Event "Early-Titled-Tuesday-Blitz-February-06-2024"]
[Site "Chess.com"]
[Date "2024.02.06"]
[Round "2"]
[White "kecalk"]
[Black "DDTerziev04"]
[Result "1-0"]
[WhiteElo "2507"]
[BlackElo "2301"]
[TimeControl "180+1"]
[EndTime "8:18:19 PST"]
[Termination "kecalk won by resignation"]

1. e4 d6 2. d4 Nf6 3. Nc3 g6 4. Be3 Bg7 5. f3 O-O 6. Qd2 c6 7. O-O-O Qc7 8. g4 b5 9. h4 a5 10. h5 a4 11. Bh6 e5 12. dxe5 dxe5 13. Nge2 Be6 14. Ng3 Na6 15. Nf5 Bxf5 16. Bxg7 Kxg7 17. gxf5 Rad8 18. Bd3 Nb4 19. Rdg1 Rg8 20. hxg6 fxg6 21. Qg5 Qe7 22. fxg6 hxg6 23. Qxg6+ Kf8 24. Qh6+ Kf7 25. Be2 Rxg1+ 26. Rxg1 Rg8 27. Rxg8 Kxg8 28. a3 Na6 29.
Bf1 Nc5 30. Bh3 Qg7 31. Qxg7+ Kxg7 32. Ne2 Kh6 33. Ng3 Kg5 34. Ne2 Kh4 35. Bc8 Kg5 36.
Kd2 Nh5 37. Kc3 Nf4 38. Nxf4 Kxf4 39. Bg4 Nb7 40. Kb4 Nd6 41. b3 axb3 42. cxb3 Nxe4 43. fxe4 Kxg4 44. a4 bxa4 45. bxa4 Kf4 46. a5 Kxe4 47.
a6 Kd5 48. a7 c5+ 49. Kb5 Kd4 50. a8=Q e4 51. Qd8+ Kc3 52. Qd1 e3 53. Kxc5 1-0

[Event "Early-Titled-Tuesday-Blitz-February-06-2024"]
[Site "Chess.com"]
[Date "2024.02.06"]
[Round "2"]
[White "Savagelittlemole"]
[Black "Arlo2024"]
[Result "1-0"]
[WhiteElo "2503"]
[BlackElo "2285"]
[TimeControl "180+1"]
[EndTime "8:18:19 PST"]
[Termination "Savagelittlemole won on time"]

1. e4 e6 2. d4 d5 3. Nd2 dxe4 4. Nxe4 Nd7 5. Nf3 Ngf6 6. Bd3 Nxe4 7. Bxe4 Nf6 8. Bd3 b6 9. O-O Bb7 10. c4 Be7 11. h3 O-O 12. Be3 c5 13. dxc5 Bxc5 14. Bxc5 bxc5 15. Qe2 Bxf3 16. Qxf3 Qd4 17. b3 Rad8 18.
Rad1 Qb2 19. Qe2 Qxe2 20. Bxe2 Ne4 21. Rd3 Rxd3 22. Bxd3 Nc3 23. Rc1 Nxa2 24. Ra1 Nb4 25. Be4 a6 26. Ra5 Rc8 27. Bb7 Rc7 28. Bxa6 g6 29.
Bb5 Nd3 30. Kf1 e5 31. Ba4 e4 32. Ke2 f5 33. f3 Kf7 34. fxe4 fxe4 35. Ke3 Re7 36.
Bc6 Nc1 37. Bd5+ Kf6 38. Rb5 Na2 39. Rxc5 Nc3 40. b4 Ke5 41. Ba8+ Kd6 42. Rc6+ Kd7 43. b5 Nd1+ 44. Kd2 Nb2 45. Ra6 e3+ 46. Ke2 Nxc4 47.
Ra7+ Kd6 48. Rxe7 Kxe7 49. Bd5 Nb6 50. Bg8 h6 51. Kxe3 Kd6 52. Kd4 Nd7 53. Bf7 g5 54. Be8 Nb6 55. Ke4 Ke6 56. g4 Nc4 57. Kd4 1-0